AoeStats
← Sombra Nocturna Enroscada

Arabia

509962889Analyzed
1v1 RM · 2d ago on Sep 28, 2026· 62m 9s· 2 players
Game mode
Random Map
Map size
Tiny (2 player)
Population
200
Speed
Normal
Resources
Standard
Victory
Conquest
Starting age
Dark Age
Ending age
Imperial Age
RankedLock teamsTeams togetherTeam positionsShared explorationLock speedFull tech treeHidden civsTurbo modeCheats
Victory
Defeat
🇦🇷 Franks · Argentina
875
+15
🇵🇾 Magyars · Paraguay
860
-15
tinshadows
2:32 Loom
11:44 Feudal Age
12:16 Double-Bit Axe
22:09 Castle Age
21:16 Bloodlines
21:32 Scale Barding Armor
21:26 Gold Mining
22:26 Light Cavalry
25:38 Fletching
26:30 Padded Archer Armor
27:45 Husbandry
28:14 Town Watch
29:42 Chain Barding Armor
32:28 Leather Archer Armor
38:20 Imperial Age
36:39 Bodkin Arrow
38:06 Ballistics
38:01 Horse Collar
42:06 Chemistry
42:01 Bow Saw
42:02 Bracer
43:27 Parthian Tactics
44:58 Plate Barding Armor
45:06 Thumb Ring
47:16 Parthian Tactics
48:04 Wheelbarrow
48:37 Ring Archer Armor
59:45 Heavy Cavalry Archer
61:41 Murder Holes
Sombra Nocturna Enroscada
10:21 Feudal Age
11:03 Double-Bit Axe
17:21 Wheelbarrow
19:06 Castle Age
17:29 Stone Mining
19:22 Gold Mining
21:26 Bow Saw
27:06 Imperial Age
26:36 Gold Shaft Mining
28:14 Scale Mail Armor
28:25 Forging
28:06 Fletching
28:54 Gambesons
29:20 Pikeman
30:14 Forging
30:19 Chain Mail Armor
32:02 Iron Casting
31:43 Chain Mail Armor
32:52 Chemistry
32:14 Ballistics
32:08 Bodkin Arrow
33:11 Hand Cart
33:55 Loom
33:58 Town Watch
34:31 Chain Mail Armor
35:58 Town Patrol
37:22 Plate Mail Armor
37:53 Blast Furnace
36:59 Scale Barding Armor
37:31 Masonry
37:02 Treadmill Crane
36:55 Elite Skirmisher
38:38 Onager
40:25 Conscription
40:46 Cavalier
41:28 Husbandry
41:52 Chain Barding Armor
44:00 Plate Barding Armor
43:52 Halberdier
44:32 Squires
47:23 Chivalry
47:46 Paladin
56:35 Murder Holes
56:26 Arrowslits
57:12 Architecture
Connection lost

Rejoining the realm…

Still unreachable

The connection could not be restored.

Session expired

The server has moved on; the page needs a fresh start.